 Dungeon Sprint DCSS version 0.21.1-1-g345015f (webtiles) character file.

10413 Mgcat the Nimble (level 11, -7/119 HPs)
             Began as a Troll Fighter on Feb 8, 2018.
             Was the Champion of Makhleb.
             Mangled by an Executioner (8 damage)
             ... summoned by the player character
             ... while paralysed by a floating eye
             ... in the Dungeon (Sprint V: "Ziggurat Sprint").
             The game lasted 00:05:45 (461 turns).

Mgcat the Nimble (Troll Fighter)                     Turns: 461, Time: 00:05:46

Health: -7/119     AC: 25    Str: 26    XL:     11   Next: 35%
Magic:  14/14      EV:  1    Int:  5    God:    Makhleb [******]
Gold:   0          SH:  0    Dex: 23    Spells: 10/10 levels left

rFire    + . .     SeeInvis +   P - +14 obsidian axe {chop, +Fly SInv *Curse} (curse)
rCold    + . .     Gourm    +   J - +18 shield of the Gong {rElec rN+ MR+ EV-5}
rNeg     + . .     Faith    .   l - +5 gold dragon scales
rPois    +         Spirit   .   (helmet restricted)
rElec    +         Reflect  .   (no cloak)
rCorr    .         Harm     .   (gloves unavailable)
MR       +....     NoTele   +   (boots unavailable)
Stlth    ..........             (no amulet)
HPRegen  0.69/turn              D - +6 ring of dexterity
MPRegen  0.14/turn              C - +6 ring of dexterity

@: paralysed, mesmerised, studying 2 skills
A: large, unfitting armour, claws 3, fast metabolism 3, gourmand, regeneration
1, shaggy fur 1, tough skin 2
a: Minor Destruction, Lesser Servant of Makhleb, Major Destruction, Greater
Servant of Makhleb, Renounce Religion, Evoke Flight


You were in the Dungeon.
You worshipped Makhleb.
Makhleb was exalted by your worship.
You were not hungry.

You visited 1 branch

Inventory:

Hand Weapons
 P - the cursed +14 obsidian axe (weapon) {chop, +Fly SInv *Curse}
   (You found it in the Dungeon)

   It inflicts extra damage upon your enemies.
   It lets you see invisible.
   It lets you fly.
   It curses itself when equipped.
   It has a curse placed upon it.
Armour
 l - +5 gold dragon scales (worn)
   (You found it in the Dungeon)
 x - the +2 robe of Plasticity {SInv}
   (You found it in the Dungeon)

   It lets you see invisible.
 J - the +18 shield of the Gong (worn) {rElec rN+ MR+ EV-5}
   (You found it in the Dungeon)

   It affects your evasion (-5).
   It insulates you from electricity.
   It protects you from negative energy.
   It affects your resistance to hostile enchantments.
Magical Staves
 A - an uncursed staff of energy {+MP, hungerless spells, !d!a@w1}
   (You found it in the Dungeon)
Jewellery
 b - the ring "Xiaz" {Str+6 Stlth+}
   (You found it in the Dungeon)

   [ring of stealth]

   It affects your strength (+6).
   It makes you more stealthy.
 c - the ring of Brilliance {Wiz rElec rPois Int+4 Slay-4}
   (You found it in the Dungeon)

   [ring of wizardry]

   It improves your spell success rate.
   It affects your intelligence (+4).
   It affects your accuracy and damage with ranged weapons and melee attacks
   (-4).
   It insulates you from electricity.
   It protects you from poison.
 C - a +6 ring of dexterity (right claw)
   (You found it in the Dungeon)
 D - a +6 ring of dexterity (left claw)
   (You found it in the Dungeon)
Scrolls
 k - 4 scrolls of blinking {!r}
 m - 4 scrolls of amnesia
 n - 7 scrolls of fog
 o - a scroll of holy word {!r}
 p - 5 scrolls of identify
 q - 5 scrolls of remove curse
 r - 2 scrolls of fear
Potions
 d - 6 potions of might
 e - 10 potions of curing
 g - 9 potions of heal wounds
 h - 6 potions of haste
 i - 7 potions of magic
 j - 3 potions of berserk rage {!q}
 s - 2 potions of brilliance
 t - 2 potions of invisibility
 u - 4 potions of resistance
 v - a potion of experience
 w - 6 potions of agility
Books
 y - a manual of Dodging {!d}
   (You found it in the Dungeon)
 E - a manual of Axes {!d}
   (You found it in the Dungeon)
Miscellaneous
 a - 3 phantom mirrors
 z - a sack of spiders
 B - a crystal ball of energy
   (You found it in the Dungeon)
 I - a lightning rod (4/4)
   (You found it in the Dungeon)
Comestibles
 f - 7 rations


   Skills:
 + Level 10.9 Fighting
 + Level 11.2 Axes
 + Level 10.6 Armour
 + Level 11.9 Dodging
 + Level 10.9 Shields
 + Level 5.3 Invocations


You had 10 spell levels left.
You didn't know any spells.

Dungeon Overview and Level Annotations

Branches:
Dungeon (1/1)

Altars:
Ashenzari
Cheibriados
Dithmenos
Elyvilon
Fedhas
Gozag
Hepliaklqana
Kikubaaqudgha
Makhleb
Nemelex Xobeh
Okawaru
Qazlal
Ru
Sif Muna
Trog
Uskayaw
Vehumet
Wu Jian
Xom
Yredelemnul
Zin
The Shining One
Beogh
Jiyva
Lugonu


Innate Abilities, Weirdness & Mutations

You are too large for most types of armour.
You have claws for hands.
Your metabolism is lightning-fast.
You like to eat raw meat.
Your natural rate of healing is unusually fast.
You are covered in fur. (AC +1)
You have very tough skin. (AC +2)


Message History

You slice the green death!!
The green death is severely wounded.
You closely miss the Executioner. You slice the golden eye!!
You kill the golden eye!
You block the Executioner's attack.
GONNNNG!
You block the Executioner's attack.
PTOANNNG!
You block the Executioner's attack.
BOUMMMMG!
The Executioner hits you but does no damage.
You block the Executioner's attack.
SHROANNG!
The Executioner hits you.
* * * LOW HITPOINT WARNING * * *
The balrug hits your neqoxec with a demon whip of venom!
Your neqoxec is engulfed in flames!!
Your neqoxec dies!
The Brimstone Fiend hits your soul eater but does no damage. x2
The Brimstone Fiend hits your soul eater.
Your soul eater hits the Brimstone Fiend but does no damage.
The Executioner hits you but does no damage. x3
The floating eye's stare focuses on you.
The floating eye's view fixates on you.
Unknown command.
Unknown command.
Unknown command.
Unknown command.
You completely miss the great orb of eyes.
You completely miss the Executioner. You closely miss Idaphomn.
Visions of slaying the great orb of eyes flood into your mind.
The Executioner hits you.
* * * LOW HITPOINT WARNING * * *
You block the Executioner's attack.
PANG!
The Executioner hits you but does no damage. x4
The smoke demon barely misses your soul eater.
The smoke demon hits your soul eater but does no damage.
The smoke demon misses your soul eater.
Idaphomn gestures.
Idaphomn flickers and vanishes for a moment.
The Brimstone Fiend hits your soul eater!
The Brimstone Fiend hits your soul eater.
The Brimstone Fiend hits your soul eater but does no damage.
You block the Executioner's attack.
GONNNNG!
You block the Executioner's attack.
SHROANNG!
You block the Executioner's attack.
GONNNNG!
The great orb of eyes gazes at you.
You easily resist.
The floating eye's stare focuses on you.
Your soul eater barely misses the Brimstone Fiend.
The smoke demon gestures at you. The ball of steam hits your soul eater.
The ball of steam hits you!
Unknown command.
Unknown command.
Unknown command.
Unknown command.
You are too injured to fight recklessly!
Okay, then.
Unknown command.
You feel much better.
Visions of slaying the Executioner flood into your mind.
You block the Executioner's attack.
GONNNNG!
You block the Executioner's attack.
BONNNG!
The Executioner hits you but does no damage.
Idaphomn hits you but does no damage.
You feel a strange sense of stasis. The Executioner hits you!
* * * LOW HITPOINT WARNING * * *
The Executioner hits you.
* * * LOW HITPOINT WARNING * * *
The Executioner hits you.
* * * LOW HITPOINT WARNING * * *
You block the balrug's attack.
GONNNNG!
The Brimstone Fiend barely misses your soul eater.
The Brimstone Fiend hits your soul eater but does no damage. x2
The Executioner hits you but does no damage.
You block the Executioner's attack.
GONNNNG!
You block the Executioner's attack.
BOUMMMMG!
Idaphomn gestures.
The great orb of eyes bites you but does no damage.
The floating eye gazes piercingly through you!
You suddenly lose the ability to move!
Your soul eater hits the smoke demon!
The orange demon stings you but does no damage.
The smoke demon closely misses your soul eater.
The smoke demon hits your soul eater but does no damage. x2
The balrug hits you with a demon whip of venom!
* * * LOW HITPOINT WARNING * * *
You are engulfed in flames!
You resist.
* * * LOW HITPOINT WARNING * * *
Visions of slaying the balrug flood into your mind.
The Executioner hits you!
You die...

▓..)})==..▓.
▓..}}|}:..▓..):[=:..▓.
▓.........▓.........▓)
▓....4....▓.........▓.
▓..2.2....▓.........▓)
▓...2&G4..▓.........▓.
▓..G4&13..▓...))†...▓.
▓.▓.2&3G▓.▓...†.†...▓.
▓..GG@1...▓...)©†...▓▓
▓▓▓▓▓▓▓▓▓▓▓▓▓▓▓▓▓▓▓▓▓


You could see Idaphomn (invisible), Rahuu, Vakleujeip, a Brimstone Fiend, a
lorocyproca (invisible), a balrug, a green death, a great orb of eyes, an
Executioner, an orange demon, 2 ice devils, a smoke demon, a tormentor, 4
floating eyes and a friendly soul eater.

Vanquished Creatures
  A tentacled starspawn (D)
  A deep elf elementalist (D)
  A dancing weapon (D)
  A deep elf knight (D)
  A deep elf archer (D)
  2 deep elf magi (D)
  3 ugly things (D)
  A guardian serpent (D)
  A black mamba (D)
  A smoke demon (D)
  2 efreet (D)
  2 guardian mummies (D)
  A polar bear (D)
  2 air elementals (D)
  A yak (shapeshifter) (D)
  A fire elemental (D)
  A human (shapeshifter) (D)
  2 water elementals (D)
  An ushabti (D)
  A basilisk (shapeshifter) (D)
  3 nagas (D)
  2 ice beasts (D)
  An orc priest (D)
  An orc wizard (D)
  2 mummies (D)
  3 adders (D)
  A shadow imp (D)
  A bat zombie (D)
  3 ball pythons (D)
  A bat simulacrum (D)
  A fire vortex (D)
  A starspawn tentacle (D)
47 creatures vanquished.

Vanquished Creatures (collateral kills)
  A dancing weapon (D)
  A death scarab (D)
  2 ugly things (D)
  A guardian serpent (D)
  A porcupine (shapeshifter) (D)
  A black bear (shapeshifter) (D)
  An adder (D)
  2 ball pythons (D)
  A quokka zombie (D)
  A fire vortex (D)
12 creatures vanquished.

Vanquished Creatures (others)
  A spatial maelstrom (D)
  4 deep elf magi (D)
  A fire elemental (D)
  A fire vortex (D)
  A starspawn tentacle (D)
8 creatures vanquished.

Grand Total: 67 creatures vanquished

Notes
Turn   | Place    | Note
-------+----------+-------------------------------------------
     0 | D        | Found the +6 Majin-Bo {vamp, Archmagi MP+6 Int+6}
     0 | D        | Found the +7 great mace "Firestarter" {inner flame, rF++}
     0 | D        | Mgcat the Troll Fighter began the quest for the Orb.
     0 | D        | Reached XP level 1. HP: 22/22 MP: 0/0
    13 | D        | Found a blossoming altar of Fedhas.
    14 | D        | Found a viscous altar of Jiyva.
    14 | D        | Found a hazy altar of Hepliaklqana.
    14 | D        | Found a transporter.
    14 | D        | Found an opulent altar of Gozag.
    14 | D        | Found an ancient bone altar of Kikubaaqudgha.
    14 | D        | Found a corrupted altar of Lugonu.
    23 | D        | Banished a spatial maelstrom
    24 | D        | Found a burning altar of Makhleb.
    25 | D        | Found a sacrificial altar of Ru.
    25 | D        | Found a stormy altar of Qazlal.
    25 | D        | Found a deep blue altar of Sif Muna.
    25 | D        | Found an iron altar of Okawaru.
    25 | D        | Found a bloodstained altar of Trog.
    25 | D        | Found a sparkling altar of Nemelex Xobeh.
    44 | D        | Found the +9 heavy crossbow "Sniper" {velocity, Acc+∞ SInv}
    44 | D        | Found the +10 dark maul {crush}
    44 | D        | Found the +15 Maxwell's patent armour {-Cast -Tele rElec MR+ rCorr}
    44 | D        | Found the +18 shield of the Gong {rElec rN+ MR+ EV-5}
    44 | D        | Found the cursed +14 obsidian axe {chop, +Fly SInv *Curse}
    46 | D        | Found the +6 shillelagh "Devastator" {shatter}
    46 | D        | Found the +11 plutonium sword {*Contam Stlth-}
    46 | D        | Found the +8 lance "Wyrmbane" {slay drac, rPois rF+ rC+ AC+3}
    46 | D        | Found the +9 sword of Zonguldrok {reap}
    46 | D        | Found the cursed +13 scythe of Curses {drain, *Curse}
    46 | D        | Found the +0 sword of Power
    46 | D        | Found the +4 mace of Variability {chaos}
    46 | D        | Found the +7 Singing Sword
    46 | D        | Found the +7 longbow "Piercer" {penet, EV-2}
   105 | D        | Became a worshipper of Makhleb the Destroyer
   113 | D        | Entered arena 2.
   113 | D        | Noticed an orc wizard
   113 | D        | Noticed an orc priest
   113 | D        | Found a transporter.
   117 | D        | Killed an orc priest
   117 | D        | Reached skill level 3 in Fighting
   117 | D        | Reached skill level 2 in Axes
   117 | D        | Reached skill level 1 in Armour
   117 | D        | Reached skill level 3 in Dodging
   117 | D        | Reached skill level 3 in Shields
   117 | D        | Reached XP level 2. HP: 30/31 MP: 1/1
   117 | D        | Reached XP level 3. HP: 35/37 MP: 2/2
   118 | D        | Reached skill level 3 in Axes
   118 | D        | Reached skill level 2 in Armour
   123 | D        | Entered arena 3.
   123 | D        | Noticed a smoke demon
   123 | D        | Noticed a tentacled starspawn
   123 | D        | Found a transporter.
   124 | D        | Found the +8 longbow "Zephyr" {speed, Dex+3 SInv}
   128 | D        | Reached * piety under Makhleb
   129 | D        | Killed a smoke demon
   129 | D        | Reached skill level 5 in Fighting
   129 | D        | Reached skill level 5 in Axes
   129 | D        | Reached skill level 4 in Armour
   129 | D        | Reached skill level 5 in Dodging
   129 | D        | Reached skill level 5 in Shields
   129 | D        | Reached XP level 4. HP: 25/52 MP: 3/3
   129 | D        | Reached XP level 5. HP: 29/59 MP: 4/4
   129 | D        | Reached XP level 6. HP: 33/67 MP: 5/5
   131 | D        | Killed a tentacled starspawn
   131 | D        | Reached ** piety under Makhleb
   131 | D        | Reached skill level 8 in Fighting
   131 | D        | Reached skill level 7 in Axes
   131 | D        | Reached skill level 7 in Armour
   131 | D        | Reached skill level 8 in Dodging
   131 | D        | Reached skill level 8 in Shields
   131 | D        | Reached XP level 7. HP: 31/80 MP: 6/6
   131 | D        | Reached XP level 8. HP: 34/88 MP: 7/7
   216 | D        | Entered arena 4.
   216 | D        | Noticed a purple ugly thing
   216 | D        | Noticed a white ugly thing
   216 | D        | Found a transporter.
   222 | D        | Killed a purple ugly thing
   222 | D        | Reached skill level 8 in Axes
   222 | D        | Reached XP level 9. HP: 97/97 MP: 8/8
   224 | D        | Reached skill level 8 in Armour
   225 | D        | Killed a white ugly thing
   225 | D        | Reached *** piety under Makhleb
   234 | D        | Entered arena 5.
   234 | D        | Noticed a polar bear
   234 | D        | Found a transporter.
   239 | D        | Killed a polar bear
   239 | D        | Reached skill level 9 in Fighting
   239 | D        | Reached skill level 9 in Dodging
   240 | D        | Reached **** piety under Makhleb
   240 | D        | Reached skill level 9 in Shields
   247 | D        | Entered arena 6.
   247 | D        | Found a transporter.
   251 | D        | Reached ***** piety under Makhleb
   255 | D        | Got the ring "Xiaz" {Str+6 Stlth+}
   259 | D        | Entered arena 7.
   259 | D        | Noticed a purple ugly thing
   259 | D        | Noticed a white ugly thing
   259 | D        | Noticed a red ugly thing
   260 | D        | Found a transporter.
   264 | D        | Killed a red ugly thing
   264 | D        | Reached skill level 9 in Axes
   271 | D        | Killed a red ugly thing
   271 | D        | Reached skill level 9 in Armour
   271 | D        | Reached XP level 10. HP: 107/107 MP: 9/9
   272 | D        | Killed a red ugly thing
   277 | D        | Got the ring of Brilliance {Wiz rElec rPois Int+4 Slay-4}
   279 | D        | Got the +2 robe of Plasticity {SInv}
   281 | D        | Entered arena 8.
   282 | D        | Found the +7 Kryia's mail coat {PotionHeal*2 rC+}
   282 | D        | Found a transporter.
   307 | D        | Entered arena 9.
   307 | D        | Noticed a deep elf archer
   307 | D        | Noticed a mace of holy wrath
   307 | D        | Noticed a deep elf knight
   307 | D        | Noticed a war axe of freezing
   307 | D        | Noticed a deep elf mage
   308 | D        | Found a transporter.
   313 | D        | Reached ****** piety under Makhleb
   313 | D        | Killed a mace of holy wrath
   313 | D        | Reached skill level 10 in Fighting
   313 | D        | Reached skill level 10 in Dodging
   313 | D        | Reached skill level 1 in Invocations
   314 | D        | Killed a deep elf mage
   314 | D        | Reached skill level 10 in Shields
   314 | D        | Reached skill level 2 in Invocations
   315 | D        | Killed a war axe of freezing
   324 | D        | Killed a deep elf knight
   324 | D        | Reached skill level 10 in Axes
   333 | D        | Killed a deep elf archer
   333 | D        | Reached skill level 10 in Armour
   333 | D        | Reached skill level 3 in Invocations
   347 | D        | Entered arena 10.
   347 | D        | Noticed a death scarab
   349 | D        | Noticed a green death
   350 | D        | Found a transporter.
   360 | D        | Killed a death scarab
   360 | D        | Reached skill level 11 in Dodging
   360 | D        | Reached XP level 11. HP: 119/119 MP: 12/12
   361 | D        | Reached skill level 4 in Invocations
   375 | D        | Entered arena 11.
   375 | D        | Noticed a deep elf elementalist
   375 | D        | Noticed a deep elf mage
   375 | D        | Noticed a deep elf mage
   375 | D        | Noticed a deep elf mage
   375 | D        | Noticed a deep elf mage
   375 | D        | Noticed a deep elf mage
   376 | D        | Found a transporter.
   378 | D        | Killed a deep elf mage
   378 | D        | Killed a deep elf mage
   379 | D        | Killed a deep elf mage
   379 | D        | Killed a deep elf mage
   380 | D        | Killed a deep elf mage
   382 | D        | Killed a deep elf elementalist
   395 | D        | Entered arena 12.
   396 | D        | Found the +7 great mace "Undeadhunter" {disrupt, rN+}
   400 | D        | Reached skill level 11 in Axes
   400 | D        | Reached skill level 5 in Invocations
   404 | D        | Found a transporter.
   453 | D        | Entered arena 13.
   453 | D        | Noticed Idaphomn the pandemonium lord
   453 | D        | Noticed Rahuu the pandemonium lord
   453 | D        | Noticed a Brimstone Fiend
   454 | D        | Noticed a balrug
   454 | D        | Noticed Vakleujeip the pandemonium lord
   454 | D        | Noticed a lorocyproca
   454 | D        | Noticed a green death
   455 | D        | Noticed an Executioner
   456 | D        | HP: 28/119 [??? (21)]
   458 | D        | Noticed a great orb of eyes
   459 | D        | HP: 13/119 [Executioner[the player character] (4)]
   460 | D        | Paralysed by a floating eye for 2 turns
   460 | D        | HP: 1/119 [balrug/demon whip of venom (9)]
   461 | D        | Mangled by an Executioner

Skill      XL: |  1  2  3  4  5  6  7  8  9 10 11 |
---------------+----------------------------------+-----
Fighting       | 3 5 8 9 10 | 10.9
Axes           | 2 5 7 8 9 10 11 | 11.2
Armour         | 1 4 7 9 10 | 10.6
Dodging        | 3 5 8 9 11 | 11.9
Shields        | 3 5 8 9 10 | 10.9
Invocations    | 3 5 |  5.3

Action                   |  1- 3 |  4- 6 |  7- 9 | 10-12 || total
-------------------------+-------+-------+-------+-------++-------
Melee: Broad axe         |     9 |     2 |    25 |    45 ||    81
Invok: Greater Servant o |       |       |       |     5 ||     5
       Lesser Servant of |       |       |       |     1 ||     1
  Use: Potion            |       |       |       |     1 ||     1
 Stab: Distracted        |       |       |     1 |     4 ||     5
  Eat: Ration            |       |       |       |     1 ||     1
Armor: Gold dragon scale |     1 |       |     8 |    46 ||    55
Dodge: Dodged            |       |       |       |     7 ||     7
Block: Shield            |    13 |     5 |    44 |   113 ||   175

Vault maps used:
D:        sprint_v

Table legend:
 A = Turns spent in this place as a percentage of turns spent in the entire game.
 B = Non-inter-level travel turns spent in this place as a percentage of non-inter-level travel turns spent in the entire game.
 C = Inter-level travel turns spent in this place as a percentage of turns spent in this place.
 D = Turns resting spent in this place as a percentage of non-inter-level travel turns spent in this place.
 E = Turns spent auto-exploring this place as a percentage of non-inter-level travel turns spent in this place.
 F = Non-inter-level travel turns spent in this place divided by the number of levels of this place that you've seen.
                   A       B       C       D       E      F
               +-------+-------+-------+-------+-------+----------------------
         Total | 100.0 | 100.0 |   0.0 |  24.9 |   3.3 | 461.0
       Dungeon | 100.0 | 100.0 |   0.0 |  24.9 |   3.3 | 461.0
               +-------+-------+-------+-------+-------+----------------------

Table legend:
 A = Kills in this place as a percentage of kills in entire the game.
 B = Kills by you in this place as a percentage of kills by you in the entire game.
 C = Kills by friends in this place as a percentage of kills by friends in the entire game.
 D = Other kills in this place as a percentage of other kills in the entire game.
 E = Experience gained in this place as a percentage of experience gained in the entire game.
 F = Experience gained in this place divided by the number of levels of this place that you have seen.
                   A       B       C       D       E      F
               +-------+-------+-------+-------+-------+----------------------
         Total | 100.0 | 100.0 | 100.0 | 100.0 | 100.0 | 14876.0
       Dungeon | 100.0 | 100.0 | 100.0 | 100.0 | 100.0 | 14876.0
               +-------+-------+-------+-------+-------+----------------------
